cohdb
Replays
Latest Replays
All Replays
Popular Replays
Top Player Replays
Match Explorer
How It Works
Community
CoH3 Stats
Reddit
Sign in to upload your games and track your stats! →
Sign in with Steam
Match 41953327
Unlisted
Match 41953327
Overview
Messages
Build Orders
End
Panzergrenadier Squad
Selects Panzerjäger Kommand Battlegroup
Selects Mine Fields
250 Light Carrier
Panzergrenadier Squad
Construct Light Support Kompanie
Selects Tank Busters
MG34 Team
Fire Support Elements
Panzerjäger Squad
Panzerjäger Mechanized Group
Forward Retreat Point
2.5-tonne Medical Truck
Construct Panzerarmee Kommand
Walking Stuka Rocket Launcher
Walking Stuka Rocket Launcher
Armored Reserves
Pak 38 Mechanized Group
MG34 Team
Selects Crew Shock Tactics
Crew Shock Tactics
Flak 36 Anti-tank Gun Team
Selects Elefant Tank Destroyer
Elefant Tank Destroyer
Selects Defensive Positions
Selects Butterfly Bomb Drop
Construct Mechanized Kompanie
18-tonne Recovery Half-track
Nuclear Viking
For The Children™
aukim4897
KMSrudderjam
Dan
[Streng-Geheim]
0
0
Comments
sign in to comment!
No comments posted yet!